 Dungeon Crawl Stone Soup version 0.26-b1-59-ge38874ec40 (webtiles) character file.

Game seed: 8467867375082610497

48 solopath the Chiller (level 3, -5/24 HPs)
             Began as a Barachi Ice Elementalist on Jan 8, 2021.
             Slain by a centaur (7 damage)
             ... on level 2 of the Dungeon.
             The game lasted 00:04:20 (1474 turns).

solopath the Chiller (Barachi Ice Elementalist)     Turns: 1474, Time: 00:04:20

Health: -5/24      AC:  3    Str:  9    XL:     3   Next: 72%
Magic:  1/7        EV: 12    Int: 16    God:
Gold:   58         SH:  0    Dex: 12    Spells: 3/7 levels left

rFire    . . .     SeeInvis .   e - +0 dagger
rCold    . . .     Faith    .   (no shield)
rNeg     . . .     Spirit   .   a - +0 robe
rPois    .         Reflect  .   (no helmet)
rElec    .         Harm     .   (no cloak)
rCorr    .         Rampage  .   g - +0 pair of gloves
Will     .....                  (no boots)
Stlth    ++........             (no amulet)
HPRegen  0.08/turn              (no ring)
MPRegen  0.10/turn              (no ring)

@: can't hop, slow
A: +LOS, swims, slowness 1, strong legs 1
a: Hop


You were on level 2 of the Dungeon.
You visited 1 branch of the dungeon, and saw 2 of its levels.

You collected 58 gold pieces.

Inventory:

Hand Weapons
 e - a +0 dagger (weapon)
Missiles
 i - 13 poisoned darts (quivered)
Armour
 a - a +0 robe (worn)
 g - a +0 pair of gloves (worn)
Scrolls
 b - a scroll of noise {unknown}
 c - a scroll of enchant armour {unknown}
 d - a scroll of random uselessness {unknown}
 f - a scroll of teleportation {unknown}
 h - a scroll of identify {unknown}
 k - a scroll of amnesia {unknown}
Potions
 j - a potion of curing {unknown}


   Skills:
 - Level 2.1 Dodging
 + Level 2.3 Stealth
 + Level 2.7 Spellcasting
 * Level 5.7 Ice Magic


You had 3 spell levels left.
You knew the following spells:

 Your Spells              Type           Power        Failure   Level
a - Freeze                Ice            80%          1%          1
b - Frozen Ramparts       Ice            40%          5%          3

Your spell library contained the following spells:

 Spells                   Type           Power        Failure   Level
 Ozocubu's Armour         Ice            20%          5%          3
 Hailstorm                Conj/Ice       11%          52%         4
 Summon Ice Beast         Ice/Summ       11%          52%         4


Dungeon Overview and Level Annotations

Branches:
Dungeon (2/15)

Altars:


Innate Abilities, Weirdness & Mutations

You can be seen from farther away. (+LOS)
You can swim through water.
You cover ground slowly.
You can hop short distances.


Message History

Aim: a centaur, wielding a +0 shortbow and quivering 20 arrows (moderately wounded)
You throw a poisoned dart.
The poisoned dart closely misses the centaur.
The centaur shoots an arrow.
The arrow misses you.
The centaur unwields a +0 shortbow.
The centaur completely misses you. The centaur hits you.
You hit the centaur but do no damage.
The centaur is moderately wounded.
The centaur hits you.
Casting: Freeze (safe; 1% risk of failure)
Confirm with . or Enter, or press ? or * to list all spells.
Aiming: Freeze (safe; 1% risk of failure)
Press: ? - help, Shift-Dir - straight line, f/p - centaur
Aim: a centaur, quivering 19 arrows (moderately wounded)
You freeze the centaur.
The centaur is heavily wounded.
The centaur hits you!
* * * LOW HITPOINT WARNING * * *
The centaur hits you!
You die...

#.....# ###.#...
#.....###.....#######.
#.....#......!....
#.##.....c........
####>###.####..#.###.#
#...)# ### #..(....
####.########.†..## ##
#........c#)#.#
#...#....##.@..#.#
#...#.##.#...###.#
#........#..(.# .#
###.####...##.# .#
#.......###.##.#
#######.# #....######.
########.###....(......
..........##...........
..........##...........


You could see a centaur.

Vanquished Creatures
  An adder (D:2)
  An ooze (D:1)
  A dart slug (D:2)
  A leopard gecko (D:1)
  2 giant cockroaches
  8 hobgoblins
  A quokka (D:2)
  2 ball pythons (D:1)
  3 bats (D:1)
  2 frilled lizards
  3 goblins
  6 rats
31 creatures vanquished.

Notes
Turn   | Place    | Note
-------+----------+-------------------------------------------
     0 | D:1      | solopath the Barachi Ice Elementalist began the quest for
                  | the Orb.
     0 | D:1      | Reached XP level 1. HP: 13/13 MP: 3/3
   194 | D:1      | Reached skill level 5 in Ice Magic
   194 | D:1      | Reached XP level 2. HP: 8/19 MP: 0/5
   886 | D:1      | Reached XP level 3. HP: 24/24 MP: 4/6
  1176 | D:2      | Noticed a centaur
  1183 | D:1      | Learned a level 3 spell: Frozen Ramparts
  1474 | D:2      | Slain by a centaur

Illustrated notes

Levels and vault maps discovered:
D:1:      matt_arrival_spirals, layout_basic, minmay_misc_feat_rows,
          minivault_14
D:2:      layout_basic, chequers_arboretum

Skill      XL: |  1 |
---------------+----+-----
Stealth        | 2 |  2.3
Ice Magic      | 5 |  5.7
Dodging        | |  2.1
Spellcasting   | |  2.7

Action                   || total
-------------------------++-------
Melee: Mace              ||     9
       Dagger            ||    38
Throw: Dart              ||     4
 Cast: Freeze            ||    33
       Frozen Ramparts   ||     2
 Abil: Hop               ||     1
 Stab: Sleeping          ||     3
Armor: Robe              ||    22
Dodge: Dodged            ||    65
